 Dungeon Crawl Stone Soup version 0.31-a0-1068-g5939ac1fb6 (webtiles) character file.

Game seed: 10913603535505935323

7 Dirtsage the Charlatan (level 1, 0/16 HPs)
             Began as a Demonspawn Artificer on Nov 23, 2023.
             Slain by an endoplasm (2 damage)
             ... on level 1 of the Dungeon.
             The game lasted 00:00:46 (68 turns).

Dirtsage the Charlatan (Demonspawn Artificer)         Turns: 68, Time: 00:00:47

Health: 0/16       AC:  3    Str: 12    XL:     1   Next: 83%
Magic:  1/1        EV: 11    Int: 12    God:
Gold:   0          SH:  0    Dex: 13    Spells: 0/0 levels left

rFire   . . .        a - +0 club
rCold   . . .        (no shield)
rNeg    . . .        b - +0 leather armour
rPois   .            (no helmet)
rElec   .            (no cloak)
rCorr   .            (no gloves)
SInv    .            (no boots)
Will    .....        (no amulet)
Stlth   +            (no ring)
HPRegen 0.22/turn    (no ring)
MPRegen 0.07/turn

%: no passive effects
@: no status effects
A: no striking features
a: no special abilities


You were on level 1 of the Dungeon.
You visited 1 branch of the dungeon, and saw 1 of its levels.

Inventory:

Hand Weapons
 a - a +0 club (weapon)
Armour
 b - a +0 leather armour (worn)
Wands
 c - a wand of flame (15) (quivered)
 d - a wand of charming (15)
 e - a wand of iceblast (5)
Scrolls
 f - a scroll of fog {unknown}


   Skills:
 + Level 2.0 Fighting
 - Level 1.7 Armour
 - Level 0.8 Dodging
 - Level 0.8 Stealth
 - Level 3.0 Evocations


You couldn't memorise any spells.
You didn't know any spells.
Your spell library was empty.

Dungeon Overview and Level Annotations

Branches:
Dungeon (1/15)

Altars:


Message History

HP restored.
An endoplasm comes into view.
The endoplasm quivers.
Health restored: 16 An endoplasm comes into view.
The endoplasm quivers.
The endoplasm freezes you.
You are frozen.
You take 1 damage, and have 15/16 hp.
You hit the endoplasm.
The endoplasm is heavily wounded.
The endoplasm misses you.
You hit the endoplasm.
The endoplasm is almost dead.
The endoplasm freezes you.
You are frozen.
The endoplasm hits you but does no damage.
The endoplasm hits you. The endoplasm freezes you.
You are frozen.
You take 7 damage, and have 8/16 hp.
MASSIVE DAMAGE!!
You are too injured to fight recklessly!
You are too injured to fight recklessly!
You are too injured to fight recklessly!
You barely miss the endoplasm.
The endoplasm is almost dead.
The endoplasm freezes you.
You are frozen.
* * * LOW HITPOINT WARNING * * *
The endoplasm hits you.
* * * LOW HITPOINT WARNING * * *
You take 7 damage, and have 1/16 hp.
MASSIVE DAMAGE!!
You hit the endoplasm.
You kill the endoplasm!
The endoplasm misses you.
Your Fighting skill increases to level 2!
You hit the endoplasm.
The endoplasm is moderately wounded.
The endoplasm hits you.
You die...

#$..... #......
.....##+## #........+
#........# #......[
#..... #...J#
#.....###### #..@.#
#..........
##....#####..........
#....................
#....................
#....................
#..........#####.....
#...............†..##
##...................
#..............##.##


You could see an endoplasm.

Vanquished Creatures
  A bat (D:1)
  An endoplasm (D:1)
  A giant cockroach (D:1)
  2 quokkas (D:1)
5 creatures vanquished.

Notes
Turn   | Place    | Note
-------+----------+-------------------------------------------
     0 | D:1      | Dirtsage the Demonspawn Artificer began the quest for the
                  | Orb.
     0 | D:1      | Reached XP level 1. HP: 15/15 MP: 1/1
    68 | D:1      | Slain by an endoplasm

Illustrated notes

Levels and vault maps discovered:
D:1:      lightli_arrival_chessboard, layout_basic

Skill      XL: |  1 |
---------------+----+-----
Fighting       | 2 |  2.0
Armour         | |  1.7
Dodging        | |  0.8
Stealth        | |  0.8
Evocations     | |  3.0

Action                     || total
---------------------------++-------
  Melee: Club              ||    30
 Armour: Leather armour    ||    26
  Dodge: Dodged            ||    42

Table legend: (Time is in decaauts)
 A = Elapsed time spent in this place.
 B = Non-inter-level travel time spent in this place.
 C = Inter-level travel time spent in this place.
 D = Time resting spent in this place.
 E = Time spent auto-exploring this place.
 F = Levels seen in this place.
 G = Mean time per level.
                   A        B        C        D        E       F      G
               +--------+--------+--------+--------+--------+-----+--------+
         Total |     76 |     76 |      0 |      0 |     21 |   1 |   76.0 |
       Dungeon |     76 |     76 |      0 |      0 |     21 |   1 |   76.0 |
               +--------+--------+--------+--------+--------+-----+--------+

Top non-repeatable levels by time:
     D:1: 76 daAuts
